[Event "Titled Tuesday Blitz December 13 Early 2022"]
[White "Jobava, Baadur"]
[Black "Firouzja, Alireza"]
[WhiteFideId "13601520"]
[BlackFideId "12573981"]
[WhiteElo "2582"]
[BlackElo "2904"]
[Result "1-0"]
[Round "06"]
[TimeControl "180+1"]
[Date "2022.12.13"]
[WhiteClock "0:00:24"]
[BlackClock "0:00:22"]

1. e4 c6 2. c4 d5 3. exd5 cxd5 4. d4 Nf6 5. Nc3 e6 6. c5 Nc6 7. Nf3 a6 8. Rb1 g6 9. Bd3 Bg7 10. O-O O-O 11. b4 Ng4 12. h3 Nh6 13. a4 Nxd4 14. Nxd4 Bxd4 15. Bxh6 Bxc3 16. Bxf8 Qxf8 17. Qf3 a5 18. bxa5 Bd4 19. a6 bxa6 20. c6 Qd6 21. Rfc1 e5 22. c7 Ra7 23. Rb8 Qd7 24. Qg4 f5 25. Bxf5 1-0


[Site "https://www.chess.com"]

[Event "Titled Tuesday Blitz December 13 Early 2022"]
[White "Kaidanov, Gregory"]
[Black "Rian, Kapriaga"]
[WhiteFideId "2008564"]
[BlackFideId "7103263"]
[WhiteElo "2547"]
[BlackElo "2263"]
[Result "0-1"]
[Round "06"]
[TimeControl "180+1"]
[Date "2022.12.14"]
[WhiteClock "0:00:49"]
[BlackClock "0:00:28"]

1. Nf3 d5 2. g3 c6 3. Bg2 f5 4. O-O Nf6 5. d3 e6 6. Nbd2 Bd6 7. e4 e5 8. exf5 Bxf5 9. Re1 Nbd7 10. Nxe5 O-O 11. Ndf3 Re8 12. Bf4 Nh5 13. Nxc6 bxc6 14. Bxd6 Qf6 15. Nd4 Bg6 16. Rxe8+ Rxe8 17. Bf3 Nxg3 18. Bxg3 Qxd4 19. Qd2 Ne5 20. Bg2 Rf8 21. Bxe5 Qxe5 22. c3 Re8 23. d4 Qe6 24. Kf1 h6 25. b4 a6 26. a4 Be4 27. f3 Bf5 28. Kf2 Qf6 29. Re1 Qh4+ 30. Kf1 Rxe1+ 31. Qxe1 Bd3+ 0-1


[Site "https://www.chess.com"]

[Event "Titled Tuesday Blitz December 13 Early 2022"]
[White "Kamsky, Gata"]
[Black "Harsh Suresh"]
[WhiteFideId "2000024"]
[BlackFideId "45018464"]
[WhiteElo "2666"]
[BlackElo "2227"]
[Result "1-0"]
[Round "06"]
[TimeControl "180+1"]
[Date "2022.12.13"]
[WhiteClock "0:00:01"]
[BlackClock "0:00:01"]

1. d4 Nf6 2. Bf4 g6 3. c3 Bg7 4. Nf3 O-O 5. Nbd2 d6 6. e4 c5 7. dxc5 dxc5 8. h3 Nc6 9. Be2 h6 10. O-O Be6 11. Re1 Kh7 12. a4 Nd7 13. Bc4 Nde5 14. Nxe5 Bxe5 15. Be3 b6 16. Bxe6 fxe6 17. Nc4 Qc7 18. Qg4 Rf6 19. g3 g5 20. Kg2 Raf8 21. h4 gxh4 22. Qxh4 Bd6 23. Rh1 Ne5 24. Nxe5 Bxe5 25. f4 Bd6 26. e5 Qc6+ 27. Kh3 Rf5 28. Qg4 Rg8 29. Qe2 Bxe5 30. fxe5 Qe4 31. Raf1 Rgf8 32. Rxf5 Rxf5 33. Re1 Rxe5 34. Qg4 Qd3 35. Qf4 Rf5 36. Qxh6+ Kg8 37. Qg6+ Kf8 38. Bh6# 1-0


[Site "https://www.chess.com"]

[Event "Titled Tuesday Blitz December 13 Early 2022"]
[White "Kazakouski, Valery"]
[Black "Yilmaz, Mustafa"]
[WhiteFideId "13507443"]
[BlackFideId "6302718"]
[WhiteElo "2516"]
[BlackElo "2564"]
[Result "1/2-1/2"]
[Round "06"]
[TimeControl "180+1"]
[Date "2022.12.13"]
[WhiteClock "0:00:07"]
[BlackClock "0:00:05"]

1. Nf3 c5 2. c4 Nc6 3. b3 d6 4. Bb2 e5 5. Nc3 Nf6 6. g3 g6 7. Bg2 Bg7 8. O-O O-O 9. d3 a6 10. a3 Rb8 11. Nd2 Bd7 12. e3 b5 13. Qc2 Qc8 14. Nde4 Ne8 15. f4 f5 16. Nd2 Nf6 17. Nd5 Be6 18. Rae1 Qd7 19. Bc3 a5 20. fxe5 dxe5 21. Nxf6+ Bxf6 22. cxb5 Rxb5 23. Nc4 Rfb8 24. Bxc6 Qxc6 25. Nxe5 Qc7 26. Nf3 Bxc3 27. Qxc3 Rxb3 28. Qf6 Qf7 29. Qe5 Re8 30. Qxc5 Rxd3 31. Ne5 Rd5 32. Qxd5 Bxd5 33. Nxf7 Bxf7 34. Rf4 Bd5 35. Rd4 Be4 36. Ra4 Rd8 37. Kf2 Rd5 38. Rd4 Rc5 39. Red1 Kg7 40. h3 Kh6 41. g4 Kg5 42. Kg3 Rc3 43. h4+ Kh6 44. Kf4 Rc2 45. R1d2 Rc1 46. Rf2 Rg1 47. g5+ Kh5 48. Rh2 Rg4+ 49. Ke5 Rxh4 50. Rxh4+ Kxh4 51. Kf6 Kg4 52. Rd7 Kf3 53. Rxh7 Kxe3 54. Rh3+ Kd4 55. Kxg6 f4+ 56. Kf6 f3 57. Rh2 Ke3 58. g6 f2 59. Rh3+ Ke2 60. Rh2 Ke1 61. Rxf2 Kxf2 62. g7 Bd5 63. Ke5 Bg8 64. Kd4 a4 65. Kc3 Ke3 66. Kb4 Bb3 67. g8=Q Bxg8 68. Kxa4 Kd4 69. Kb4 Bf7 70. Kb5 Bb3 71. a4 Bxa4+ 1/2-1/2


[Site "https://www.chess.com"]

[Event "Titled Tuesday Blitz December 13 Early 2022"]
[White "Khamdamova, Afruza"]
[Black "Hrabinska, Myroslava"]
[WhiteFideId "14210444"]
[BlackFideId "14109190"]
[WhiteElo "2018"]
[BlackElo "2171"]
[Result "0-1"]
[Round "06"]
[TimeControl "180+1"]
[Date "2022.12.14"]
[WhiteClock "0:00:02"]
[BlackClock "0:00:15"]

1. e4 c5 2. Nf3 Nc6 3. d4 cxd4 4. Nxd4 e5 5. Nb5 d6 6. N1c3 a6 7. Na3 b5 8. Nd5 Nge7 9. Bg5 f6 10. Qh5+ g6 11. Nxf6+ Kf7 12. Qf3 Nd4 13. Qd3 h6 14. Be3 Bg7 15. Bxd4 exd4 16. Nd5 Nxd5 17. exd5 Bf5 18. Qf3 Re8+ 19. Kd1 Kg8 20. Bd3 Bxd3 21. Qxd3 Qg5 22. Rg1 Re5 23. c4 dxc3 24. Kc2 Rxd5 25. Qe4 cxb2 26. Rad1 Rc8+ 27. Kb1 Rxd1+ 28. Rxd1 Qc1+ 0-1


[Site "https://www.chess.com"]

[Event "Titled Tuesday Blitz December 13 Early 2022"]
[White "Khandelwal, Ankush"]
[Black "Szpar, Milosz"]
[WhiteFideId "413470"]
[BlackFideId "1184989"]
[WhiteElo "2271"]
[BlackElo "2455"]
[Result "0-1"]
[Round "06"]
[TimeControl "180+1"]
[Date "2022.12.14"]
[WhiteClock "0:00:04"]
[BlackClock "0:00:10"]

1. e4 c5 2. Nf3 d6 3. d4 cxd4 4. Nxd4 Nf6 5. Nc3 Nc6 6. Bg5 Qb6 7. Nb3 e6 8. Qd2 a6 9. O-O-O Bd7 10. f4 h6 11. Bxf6 gxf6 12. f5 h5 13. Kb1 Ne5 14. fxe6 fxe6 15. Be2 O-O-O 16. Rhf1 Be7 17. g3 h4 18. g4 Kb8 19. h3 Rc8 20. Nd4 Qc5 21. Nf3 b5 22. Nxe5 Qxe5 23. Qe3 Rc5 24. a4 Rhc8 25. axb5 axb5 26. Rd4 Kb7 27. Rfd1 R8c6 28. Rb4 Rxc3 29. bxc3 Rxc3 30. Qf2 d5 31. Rb2 Ba3 32. Ra2 Qxe4 33. Bd3 Qb4+ 34. Ka1 Qe7 35. Rb1 b4 36. Qd4 Kc8 37. Qa7 Kd8 38. Rb3 Rxb3 39. cxb3 Ke8 40. Rc2 Qd6 41. Rc7 Qe5+ 42. Kb1 Qb2# 0-1


[Site "https://www.chess.com"]

[Event "Titled Tuesday Blitz December 13 Early 2022"]
[White "Klepikov, Nikita"]
[Black "Bochnicka, Vladimir"]
[WhiteFideId "24145220"]
[BlackFideId "14943450"]
[WhiteElo "2025"]
[BlackElo "2239"]
[Result "0-1"]
[Round "06"]
[TimeControl "180+1"]
[Date "2022.12.14"]
[WhiteClock "0:00:01"]
[BlackClock "0:00:02"]

1. e4 c5 2. Nf3 Nc6 3. d4 cxd4 4. Nxd4 e5 5. Nb5 d6 6. N1c3 a6 7. Na3 Be7 8. Nd5 Nf6 9. Bd3 O-O 10. c4 Nxd5 11. exd5 Nd4 12. Nc2 Nxc2+ 13. Qxc2 g6 14. Bh6 Re8 15. O-O f5 16. f3 Bd7 17. Be3 Rc8 18. Rac1 Bg5 19. f4 Bxf4 20. Rxf4 exf4 21. Bxf4 b5 22. b3 bxc4 23. bxc4 Qb6+ 24. Kh1 Rb8 25. Qc3 Qc5 26. h3 Kf7 27. Bg5 Re5 28. Bf4 Rbe8 29. Rb1 R5e7 30. Bg5 Re5 31. Bh4 Kg8 32. Rb7 Ba4 33. Kh2 Bc6 34. dxc6 Qxc6 35. Bf6 Qxb7 36. Bxe5 dxe5 37. c5 Qc7 38. Bxa6 Kh8 39. c6 Rd8 40. Bb7 Kg8 41. Qc4+ Kg7 42. Qc3 Kh6 43. Kg1 e4 44. Qc2 Kg7 45. Qc3+ Kf8 46. Qc5+ Ke8 0-1


[Site "https://www.chess.com"]

[Event "Titled Tuesday Blitz December 13 Early 2022"]
[White "Koellner, Ruben Gideon"]
[Black "Paravyan, David"]
[WhiteFideId "12993093"]
[BlackFideId "4194985"]
[WhiteElo "2303"]
[BlackElo "2551"]
[Result "1/2-1/2"]
[Round "06"]
[TimeControl "180+1"]
[Date "2022.12.13"]
[WhiteClock "0:00:04"]
[BlackClock "0:00:03"]

1. d4 Nf6 2. Nf3 g6 3. Nbd2 d5 4. e3 Bg7 5. b4 a5 6. b5 c5 7. bxc6 Nxc6 8. a4 O-O 9. Ba3 Bf5 10. c3 Ne4 11. Nxe4 dxe4 12. Nd2 Re8 13. Bb5 e5 14. O-O Qg5 15. d5 Bh3 16. g3 Bxf1 17. Qxf1 Ne7 18. Bxe8 Rxe8 19. Nxe4 Qg4 20. f3 Qd7 21. c4 Nf5 22. Bc1 Rc8 23. Qd3 Nd6 24. Nxd6 Qxd6 25. Ba3 Qd7 26. Rc1 Qxa4 27. d6 e4 28. fxe4 Rd8 29. c5 h5 30. Kg2 h4 31. Rc4 Qd7 32. gxh4 Qg4+ 33. Kf2 Bf6 34. Ke1 Bxh4+ 35. Kd2 Qg2+ 36. Qe2 Qh3 37. e5 Bg5 38. Kd3 Qf5+ 39. Re4 Qe6 40. Qc2 Rc8 41. Qc4 Qf5 42. e6 b5 43. exf7+ Kh7 44. Qd4 Bf6 45. d7 Rd8 46. f8=Q Rxf8 47. Qd6 Bg7 48. d8=Q Rxd8 49. Qxd8 Qf1+ 50. Kd2 Qg2+ 51. Kd3 Qf1+ 52. Kc2 Qg2+ 53. Kd3 Qf1+ 1/2-1/2


[Site "https://www.chess.com"]

[Event "Titled Tuesday Blitz December 13 Early 2022"]
[White "Kopylov, Alexander A."]
[Black "Pajeken, Jakob Leon"]
[WhiteFideId "4164857"]
[BlackFideId "12942839"]
[WhiteElo "2436"]
[BlackElo "2414"]
[Result "1-0"]
[Round "06"]
[TimeControl "180+1"]
[Date "2022.12.14"]
[WhiteClock "0:02:01"]
[BlackClock "0:02:03"]

1. e4 e5 2. Nf3 Nc6 3. Nc3 Nf6 4. h3 a6 5. d4 exd4 6. Nxd4 Nxe4 7. Nxe4 Qe7 8. Bd3 Nxd4 9. O-O Ne6 10. Re1 d6 11. Bg5 f6 12. Bh4 Bd7 13. Qe2 d5 14. Qh5+ Qf7 15. Qxd5 O-O-O 16. Bc4 Bc6 17. Qxe6+ 1-0


[Site "https://www.chess.com"]

[Event "Titled Tuesday Blitz December 13 Early 2022"]
[White "Korchmar, Vasiliy"]
[Black "Mkrtchian, Lilit"]
[WhiteFideId "24131750"]
[BlackFideId "13300601"]
[WhiteElo "2370"]
[BlackElo "2316"]
[Result "1-0"]
[Round "06"]
[TimeControl "180+1"]
[Date "2022.12.14"]
[WhiteClock "0:01:14"]
[BlackClock "0:00:17"]

1. e4 e6 2. d4 d5 3. e5 c5 4. c3 Nc6 5. Nf3 Bd7 6. Be2 Nge7 7. Na3 cxd4 8. cxd4 Nf5 9. Nc2 Be7 10. O-O O-O 11. Bd3 f6 12. Bxf5 exf5 13. Re1 fxe5 14. dxe5 Be6 15. Ncd4 Qd7 16. Bg5 Bc5 17. Be3 Bb4 18. Re2 f4 19. Bd2 Bc5 20. Bc3 Bg4 21. e6 Qe7 22. Nb3 Bxf3 23. gxf3 Rad8 24. Nxc5 Qxc5 25. Qb3 Rf5 26. Qxb7 d4 27. e7 Re8 28. Qd7 Kf7 29. Qe6# 1-0


[Site "https://www.chess.com"]

[Event "Titled Tuesday Blitz December 13 Early 2022"]
[White "Kostiukov, Alexandr"]
[Black "Urazayev, Arystanbek"]
[WhiteFideId "14108100"]
[BlackFideId "13709810"]
[WhiteElo "2202"]
[BlackElo "2463"]
[Result "0-1"]
[Round "06"]
[TimeControl "180+1"]
[Date "2022.12.14"]
[WhiteClock "0:01:54"]
[BlackClock "0:02:38"]

1. g3 e5 2. Bg2 Bc5 3. c4 Ne7 4. Nc3 d6 5. e3 a6 6. d4 exd4 7. exd4 Ba7 8. Nge2 O-O 9. O-O Nbc6 10. h3 Nf5 11. d5 Ne5 12. b3 Re8 13. Kh2 Bd7 14. Nf4 Qf6 15. Bb2 Qh6 16. Qd2 Ng4+ 17. Kh1 Nxf2+ 18. Rxf2 Nxg3+ 19. Kh2 Be3 20. Qe1 Bxf4 21. Rxf4 Rxe1 0-1


[Site "https://www.chess.com"]

[Event "Titled Tuesday Blitz December 13 Early 2022"]
[White "Kriti Mayur Patel"]
[Black "Zaksaite, Salomeja"]
[WhiteFideId "35061780"]
[BlackFideId "12801496"]
[WhiteElo "1306"]
[BlackElo "2079"]
[Result "1-0"]
[Round "06"]
[TimeControl "180+1"]
[Date "2022.12.14"]
[WhiteClock "0:00:16"]
[BlackClock "0:00:39"]

1. e4 c5 2. d4 cxd4 3. c3 Nf6 4. e5 Nd5 5. Bc4 Nb6 6. Bb3 d6 7. exd6 Qxd6 8. Nf3 e6 9. O-O Be7 10. Na3 a6 11. Nxd4 O-O 12. Qf3 Nc6 13. Rd1 Nxd4 14. Rxd4 Qc7 15. Bc2 Bf6 16. Rg4 g6 17. Qxf6 Nd5 18. Qd4 e5 19. Rxg6+ hxg6 20. Qxd5 Be6 21. Qf3 Rad8 22. Qf6 Kh7 23. Qh4+ Kg8 24. Bg5 f6 25. Bxf6 Rd2 26. Qh8+ Kf7 27. Qg7+ Ke8 28. Qxc7 Rxf6 29. Ba4+ b5 30. Nxb5 axb5 31. Bxb5+ Kf8 32. Qxe5 Kf7 33. Rf1 Rxb2 34. Qc7+ Kf8 35. Bc4 Bf5 36. Qd8+ Kg7 37. Qe7+ 1-0


[Site "https://www.chess.com"]

[Event "Titled Tuesday Blitz December 13 Early 2022"]
[White "Kuchava, Ana"]
[Black "Ljukin, Sergei"]
[WhiteFideId "13605348"]
[BlackFideId "14102200"]
[WhiteElo "2001"]
[BlackElo "2312"]
[Result "0-1"]
[Round "06"]
[TimeControl "180+1"]
[Date "2022.12.14"]
[WhiteClock "0:00:03"]
[BlackClock "0:00:59"]

1. d4 d5 2. Nf3 Nf6 3. c4 c6 4. Qb3 a5 5. Nc3 a4 6. Nxa4 dxc4 7. Qc2 b5 8. Nc3 Na6 9. Bd2 Nb4 10. Qd1 Bf5 11. e4 Bg6 12. Be2 e6 13. Bg5 Be7 14. Bxf6 Bxf6 15. O-O O-O 16. a4 Qb6 17. axb5 cxb5 18. Rxa8 Rxa8 19. d5 Rd8 20. e5 Nxd5 21. Qc1 Nxc3 22. Qxc3 Be7 23. b3 Bd3 24. Bd1 b4 0-1


[Site "https://www.chess.com"]

[Event "Titled Tuesday Blitz December 13 Early 2022"]
[White "Kuderinov, Kirill"]
[Black "Le Ruyet, Leopold"]
[WhiteFideId "13701568"]
[BlackFideId "645923"]
[WhiteElo "2459"]
[BlackElo "2276"]
[Result "1-0"]
[Round "06"]
[TimeControl "180+1"]
[Date "2022.12.14"]
[WhiteClock "0:00:10"]
[BlackClock "0:00:01"]

1. e4 d6 2. d4 Nf6 3. Bd3 e5 4. c3 d5 5. dxe5 Nxe4 6. Bxe4 dxe4 7. Qa4+ Bd7 8. Qb3 Na6 9. Be3 Nc5 10. Bxc5 Bxc5 11. Ne2 e3 12. fxe3 Qh4+ 13. Ng3 O-O-O 14. O-O Bxe3+ 15. Kh1 Bc6 16. Qb4 Qg5 17. Na3 Rd2 18. Rg1 Bxg1 19. Rxg1 h5 20. Ne4 Bxe4 21. Qxe4 h4 22. Nc4 Rd7 23. Na5 c5 24. Nc4 Qg6 25. Qe3 Qc6 26. h3 Re8 27. Qf4 f6 28. Nd6+ Rxd6 29. exd6 Rd8 30. Rd1 b6 31. Qxh4 Rxd6 32. Qh8+ Kb7 33. Qxg7+ Ka6 34. Rf1 Rd2 35. h4 Qe4 36. Qg3 f5 37. Kh2 Qc2 38. b4 Rd3 39. Qg8 Rxc3 40. Qc8+ Kb5 41. a4+ Kxb4 42. Rf4+ Ka3 43. Qc7 Rc4 44. Rf3+ Kb2 45. Qxa7 Rxh4+ 46. Kg1 Qd1+ 47. Kf2 Qd2+ 48. Kg1 Qe1+ 49. Rf1 Qe3+ 50. Rf2+ Ka1 51. Qg7+ Rd4 52. Qf6 Kb1 53. Qxf5+ Kc1 54. g4 1-0


[Site "https://www.chess.com"]

[Event "Titled Tuesday Blitz December 13 Early 2022"]
[White "Lauridsen, Jesper Morch"]
[Black "Mazurkiewicz, Michal"]
[WhiteFideId "1401890"]
[BlackFideId "1124943"]
[WhiteElo "2297"]
[BlackElo "2081"]
[Result "0-1"]
[Round "06"]
[TimeControl "180+1"]
[Date "2022.12.14"]
[WhiteClock "0:00:07"]
[BlackClock "0:00:44"]

1. e4 d6 2. d4 Nf6 3. Nc3 c6 4. f4 Qb6 5. Nf3 Bg4 6. Be2 e6 7. O-O d5 8. e5 Nfd7 9. Ng5 Bxe2 10. Nxe2 g6 11. Be3 Be7 12. c4 dxc4 13. Ne4 O-O 14. Rf3 Rd8 15. d5 Qa5 16. d6 Bf8 17. Rh3 Bg7 18. Bd4 b5 19. Qc2 c5 20. Bf2 Nc6 21. Ng5 h6 22. Nxe6 fxe6 23. Qxg6 Nf8 24. Qg4 Qd2 25. Rxh6 Qxb2 26. Rf1 Qc2 27. Rh3 Qf5 28. Qg3 Kf7 29. Bxc5 Ng6 30. Qf3 Rh8 31. Rxh8 Rxh8 32. Ng3 Qd3 33. f5 exf5 34. Qxc6 Nxe5 35. Rxf5+ Kg6 36. d7+ Nxc6 0-1


[Site "https://www.chess.com"]

[Event "Titled Tuesday Blitz December 13 Early 2022"]
[White "Lawson, Eric"]
[Black "Szyszylo, Rafal"]
[WhiteFideId "2604116"]
[BlackFideId "1109626"]
[WhiteElo "2519"]
[BlackElo "1981"]
[Result "1-0"]
[Round "06"]
[TimeControl "180+1"]
[Date "2022.12.14"]
[WhiteClock "0:00:19"]
[BlackClock "0:00:02"]

1. d4 d6 2. e4 Nf6 3. Bd3 g6 4. f3 c6 5. c4 Nbd7 6. Nc3 e5 7. d5 Nc5 8. Bg5 Nxd3+ 9. Qxd3 c5 10. h4 h6 11. Be3 Nh5 12. Nge2 a6 13. g4 Nf4 14. Nxf4 exf4 15. Bxf4 Bg7 16. a4 O-O 17. h5 g5 18. Bg3 Qf6 19. Nd1 Bd7 20. a5 b5 21. axb6 Rfb8 22. O-O Rxb6 23. Ra5 Rab8 24. Kg2 Rb3 25. e5 dxe5 26. Qe4 Qb6 27. Ra2 Rf8 28. Ne3 Rxb2+ 29. Rxb2 Qxb2+ 30. Kh3 Qd4 31. Nf5 Bxf5 32. gxf5 Rb8 33. Rb1 Rxb1 34. Qxb1 Bf6 35. Qb8+ Kg7 36. Qd6 a5 37. Qc6 e4 38. fxe4 Qxe4 39. Qxc5 Qxf5+ 40. Kg2 Qe4+ 41. Kh2 Qe2+ 42. Kg1 Qd1+ 43. Kg2 Bd4 44. Qc8 Qe2+ 45. Kh3 Qxh5+ 46. Kg2 Qe2+ 47. Kh3 Qh5+ 48. Kg2 Qe2+ 49. Kh1 Qf1+ 50. Kh2 Qg1+ 51. Kh3 Qh1+ 52. Kg4 h5+ 53. Kxg5 Be3+ 54. Kf5 Qf3+ 55. Ke5 Qxg3+ 56. Ke4 Qf4+ 57. Kd3 Bd4 58. Qe8 Qf5+ 59. Kxd4 h4 60. Qe3 h3 61. Qg3+ Kf6 62. c5 Qf1 63. c6 Qg2 64. Qh4+ Kg6 65. c7 h2 66. c8=Q h1=Q 67. Qg8+ Kf5 68. Qxf7# 1-0


[Site "https://www.chess.com"]

[Event "Titled Tuesday Blitz December 13 Early 2022"]
[White "Lehtosaari, Mauri"]
[Black "Samarth, J Rao"]
[WhiteFideId "501999"]
[BlackFideId "46652370"]
[WhiteElo "2507"]
[BlackElo "1564"]
[Result "1-0"]
[Round "06"]
[TimeControl "180+1"]
[Date "2022.12.14"]
[WhiteClock "0:01:27"]
[BlackClock "0:00:15"]

1. d4 d5 2. Nf3 Nf6 3. Bg5 h6 4. Bxf6 gxf6 5. e3 e6 6. c4 c6 7. Nc3 Nd7 8. Bd3 f5 9. a3 Bd6 10. cxd5 cxd5 11. g3 Nf6 12. Rc1 a6 13. Ne2 1-0


[Site "https://www.chess.com"]

[Event "Titled Tuesday Blitz December 13 Early 2022"]
[White "Lenderman, Aleksandr"]
[Black "Andreikin, Dmitry"]
[WhiteFideId "2021285"]
[BlackFideId "4158814"]
[WhiteElo "2607"]
[BlackElo "2735"]
[Result "0-1"]
[Round "06"]
[TimeControl "180+1"]
[Date "2022.12.13"]
[WhiteClock "0:00:03"]
[BlackClock "0:00:04"]

1. d4 d5 2. c4 e6 3. Nf3 a6 4. Bg5 Be7 5. Bxe7 Qxe7 6. Nbd2 Nf6 7. g3 dxc4 8. Nxc4 b5 9. Na5 Qb4+ 10. Qd2 Qa4 11. a3 Ne4 12. Qb4 Qxb4+ 13. axb4 Nf6 14. Bg2 Nd5 15. Ne5 f6 16. Bxd5 exd5 17. Nd3 c6 18. Rc1 Kd7 19. f3 Re8 20. h4 Kc7 21. Nf4 Kd6 22. g4 Ra7 23. Kf2 Rc7 24. e3 Nd7 25. Rc3 Nb6 26. b3 Bd7 27. g5 f5 28. Nd3 Nc8 29. f4 Ne7 30. Ne5 Rec8 31. Rhc1 Be8 32. Nd3 Rb8 33. Nc5 Rb6 34. Ra1 Ra7 35. Rc2 Rc7 36. Rca2 Ra7 37. Nd3 Rc7 38. Ne5 Rc8 39. Rc2 Rc7 40. Rac1 Rc8 41. Rh1 Rc7 42. h5 Rc8 43. h6 g6 44. Ra1 Rc7 45. Ke2 Rc8 46. Kd2 Rc7 47. Kc3 Ra7 48. Nd3 Rc7 49. Nc5 Ra7 50. Rca2 Nc8 51. Nxa6 Rbxa6 52. Nc4+ dxc4 53. Rxa6 Rxa6 54. Rxa6 cxb3 55. Ra8 Kc7 56. Kxb3 Bf7+ 57. Kc2 Bd5 58. Kd2 Kb7 59. Ra1 Nd6 60. Kd3 Nc4 61. Ke2 Nb6 62. Kd3 Be4+ 63. Ke2 Nd5 64. Kd2 Nxb4 65. Ra3 Nd5 66. Ra1 b4 67. Ra4 b3 68. Ra3 Bc2 69. Ra5 Nb4 70. Ra4 Nd5 71. Ra3 Nb6 72. Ra1 Nc4+ 73. Kc3 Nxe3 74. Re1 Nd5+ 75. Kb2 Kb6 76. Re7 Nxe7 0-1


[Site "https://www.chess.com"]

[Event "Titled Tuesday Blitz December 13 Early 2022"]
[White "Levine, David"]
[Black "Li, Hui"]
[WhiteFideId "2011611"]
[BlackFideId "15400310"]
[WhiteElo "2124"]
[BlackElo "1954"]
[Result "1-0"]
[Round "06"]
[TimeControl "180+1"]
[Date "2022.12.14"]
[WhiteClock "0:00:11"]
[BlackClock "0:00:02"]

1. d4 Nf6 2. c4 e6 3. g3 d5 4. Bg2 Be7 5. Nf3 O-O 6. O-O dxc4 7. Qc2 a6 8. a4 Bd7 9. Nbd2 Bc6 10. Nxc4 Be4 11. Qb3 a5 12. Bg5 Na6 13. e3 Nb4 14. Rac1 c6 15. Nce5 Bd5 16. Qd1 h6 17. Bxf6 Bxf6 18. Re1 Be4 19. Rc3 Qd5 20. Rc5 Qd8 21. Qb3 Nd3 22. Nxd3 b6 23. Rcc1 c5 24. Nfe5 Bxg2 25. Kxg2 cxd4 26. e4 Rc8 27. Rxc8 Qxc8 28. Rc1 Qb7 29. f3 Rc8 30. Qd1 Qb8 31. Rxc8+ Qxc8 32. Qb3 Bxe5 33. Nxe5 Qc1 34. Qd3 Qxb2+ 35. Kh3 Qb4 36. Qb5 Qd6 37. Qe8+ Kh7 38. Nxf7 Qc5 39. e5 1-0


[Site "https://www.chess.com"]

[Event "Titled Tuesday Blitz December 13 Early 2022"]
[White "Lortkipanidze, Nodar"]
[Black "Nakamura, Hikaru"]
[WhiteFideId "13604058"]
[BlackFideId "2016192"]
[WhiteElo "2293"]
[BlackElo "2909"]
[Result "1-0"]
[Round "06"]
[TimeControl "180+1"]
[Date "2022.12.13"]
[WhiteClock "0:00:38"]
[BlackClock "0:00:54"]

1. e4 g6 2. d4 Bg7 3. Nc3 a6 4. h4 b5 5. h5 Bb7 6. f3 e6 7. Be3 d6 8. Qd2 Nd7 9. O-O-O Ngf6 10. g4 Nb6 11. Qh2 Rg8 12. Kb1 Kd7 13. d5 e5 14. Bh3 Ke8 15. hxg6 hxg6 16. g5 Nh5 17. Bg4 Rh8 18. Qg2 Ke7 19. Bxh5 gxh5 20. g6 f6 21. f4 Bc8 22. Bxb6 cxb6 23. f5 Bd7 24. Nce2 Qc7 25. Nf3 Rh6 26. Ng5 h4 27. Ne6 Bxe6 28. dxe6 b4 29. Rh3 a5 30. Qf2 Rc8 31. Nc1 Qc6 32. Rd2 Qc5 33. Qe1 Rc6 34. Rxh4 Rxh4 35. Qxh4 Qg1 36. Qh7 Kf8 37. e7+ Kxe7 38. Qxg7+ 1-0


[Site "https://www.chess.com"]

[Event "Titled Tuesday Blitz December 13 Early 2022"]
[White "Maghsoodloo, Parham"]
[Black "Gareyev, Timur"]
[WhiteFideId "12539929"]
[BlackFideId "14200937"]
[WhiteElo "2672"]
[BlackElo "2553"]
[Result "1-0"]
[Round "06"]
[TimeControl "180+1"]
[Date "2022.12.13"]
[WhiteClock "0:00:02"]
[BlackClock "0:00:01"]

1. d4 d6 2. e4 g6 3. Nc3 a6 4. a4 b6 5. h4 h5 6. Nf3 Bg7 7. Bc4 e6 8. Bg5 Ne7 9. Qe2 Nd7 10. Rd1 Bb7 11. O-O O-O 12. Rfe1 Nf6 13. e5 Nh7 14. Bxe7 Qxe7 15. d5 exd5 16. Nxd5 Bxd5 17. Bxd5 Rae8 18. e6 fxe6 19. Qxa6 Qf6 20. Rxe6 Rxe6 21. Qc4 Re8 22. Re1 Kf7 23. Re4 Bh6 24. Rxe6 Rxe6 25. Nd4 Nf8 26. Qxc7+ Qe7 27. Qxb6 Kf6 28. Nxe6 Nxe6 29. g3 Nc5 30. a5 Be3 31. fxe3 Qxe3+ 32. Kh2 g5 33. Bg2 gxh4 34. Qxd6+ Kg5 35. gxh4+ Kxh4 36. Qd8+ Kg4 37. Qg8+ Kh4 38. Qd8+ Kg4 39. Qc7 Ne4 40. Qg7+ Ng5 41. Qd7+ Kh4 42. Qd6 Nf3+ 43. Bxf3 Qxf3 44. Qd4+ Kg5 45. Qd2+ Kh4 46. Qe1+ Kg4 47. Qg1+ Kh4 48. Qe1+ Kg4 49. Qe6+ Kh4 50. Qe7+ Kg4 51. Qd7+ Kh4 52. Qd4+ Kg5 53. b4 Qe2+ 54. Kg1 Qe1+ 55. Kg2 Qe2+ 56. Qf2 Qe4+ 57. Qf3 Qxb4 58. a6 Qa4 59. Qd3 h4 60. Qd5+ Kg4 61. Qf7 Qxc2+ 62. Kg1 Qd1+ 63. Qf1 1-0


[Site "https://www.chess.com"]

[Event "Titled Tuesday Blitz December 13 Early 2022"]
[White "Maksimovic, Bojan"]
[Black "Bilan, Danila"]
[WhiteFideId "14408120"]
[BlackFideId "24161918"]
[WhiteElo "2462"]
[BlackElo "2182"]
[Result "1-0"]
[Round "06"]
[TimeControl "180+1"]
[Date "2022.12.14"]
[WhiteClock "0:00:14"]
[BlackClock "0:00:06"]

1. e4 c6 2. d4 d5 3. Nc3 dxe4 4. Nxe4 Bf5 5. Nc5 Qb6 6. a4 e6 7. a5 Qc7 8. b4 Nf6 9. Nf3 Bd6 10. Bd3 Bg4 11. h3 Bh5 12. c3 Nbd7 13. O-O O-O 14. Re1 Rfe8 15. Ra2 Nf8 16. Bg5 Nd5 17. Rc2 Bf4 18. Bxf4 Nxf4 19. Re5 N8g6 20. Re3 Nh4 21. Bf1 Bxf3 22. Rxf3 Nxf3+ 23. Qxf3 Ng6 24. g3 b6 25. Ne4 bxa5 26. bxa5 Qxa5 27. Nd6 Red8 28. Nb7 Qd5 29. Qe3 Rd7 30. Nc5 Rdd8 31. h4 Qd6 32. Nb7 Qc7 33. Nxd8 Qxd8 34. h5 Rc8 35. hxg6 hxg6 36. Qe5 1-0


[Site "https://www.chess.com"]

[Event "Titled Tuesday Blitz December 13 Early 2022"]
[White "Manelyuk, Daniil"]
[Black "Pakleza, Zbigniew"]
[WhiteFideId "44173920"]
[BlackFideId "1119290"]
[WhiteElo "2210"]
[BlackElo "2410"]
[Result "1/2-1/2"]
[Round "06"]
[TimeControl "180+1"]
[Date "2022.12.14"]
[WhiteClock "0:00:08"]
[BlackClock "0:00:07"]

1. e4 d6 2. d4 Nf6 3. Nc3 c6 4. f4 Qb6 5. Nf3 Bg4 6. Qd3 e6 7. b3 d5 8. e5 Bf5 9. Qd2 Ne4 10. Nxe4 Bxe4 11. Bb2 c5 12. Bd3 Bxf3 13. gxf3 cxd4 14. O-O g6 15. Kh1 Nc6 16. a3 h5 17. b4 a6 18. Qf2 Bh6 19. Qg3 Ne7 20. Qg1 Bxf4 21. Bxd4 Qc7 22. Rfe1 Nc6 23. Bb6 Qe7 24. Bc5 Qg5 25. Qxg5 Bxg5 26. c4 dxc4 27. Bxc4 Be7 28. Rad1 Bxc5 29. bxc5 Rc8 30. Bb3 Ke7 31. Ba4 Rhd8 32. Rd6 g5 33. h4 gxh4 34. Re4 h3 35. Kh2 Rg8 36. Kxh3 Rg1 37. Bxc6 bxc6 38. Rb4 Kf8 39. Rb7 a5 40. Rdd7 Rg7 41. Ra7 Kg8 42. Rxa5 Rb8 43. Ra4 Rb3 44. Rf4 Rxa3 45. Rc7 Re3 46. Rxc6 Rxe5 47. Rc8+ Kh7 48. c6 Rc5 49. c7 Kg6 50. Rd4 f5 51. Re8 Rgxc7 52. Rxe6+ Kf7 53. Rh6 Kg7 54. Rxh5 Kg6 55. Rdh4 Rc3 56. Rh6+ Kg5 57. R6h5+ Kf6 58. Kg3 Ke5 59. Rh7 Rc8 60. Re7+ Kf6 61. Re1 Rg8+ 62. Kf2 Rc2+ 63. Re2 Rxe2+ 64. Kxe2 Re8+ 65. Kf2 Kg5 66. Ra4 Rb8 67. Ra5 Rb3 68. Kg3 Rc3 69. Rb5 Rd3 70. Rc5 Ra3 71. Rb5 Rc3 72. Ra5 Rc1 73. Ra8 Rg1+ 74. Kf2 Rc1 75. Ra4 Rb1 76. Kg3 Rg1+ 77. Kf2 Rd1 78. Kg3 Rd8 79. Ra7 Rg8 80. Rb7 Rh8 81. Rg7+ Kf6 82. Ra7 Rb8 83. Kf4 Rb4+ 84. Ke3 Kg5 85. Rg7+ Kf6 86. Ra7 Rc4 87. Ra6+ Kg5 88. Ra8 Rc3+ 89. Ke2 Rb3 90. Kf2 f4 91. Rg8+ Kf5 92. Rf8+ Ke5 93. Re8+ Kf5 94. Rg8 Rb2+ 95. Kf1 Ke5 96. Re8+ Kf5 97. Rf8+ Kg5 98. Rg8+ Kh4 99. Rg4+ Kh3 100. Rxf4 Kg3 101. Rf8 Rf2+ 102. Ke1 Rxf3 103. Rxf3+ Kxf3 1/2-1/2


[Site "https://www.chess.com"]